Map: [ESL] Babylon

Players

Kelazhur - Winner!

  • Race: Terran Terran
  • Spawn Location: 11:00

Astrea

  • Race: Protoss Protoss
  • Spawn Location: 5:00

Event: ESL SC2 Masters 2023 Summer (Regionals)

VOD

Have the link to the VOD?

Description

Time

  • Played on: May 11, 2023, 3:34 p.m.
  • Length: 20:09

All games in this series

Show
View Real Time Build Order
Export as new Build Order

Kelazhur Terran - Winner!

Build Orders:  

Get SALT Encoding   

  12  0:00  SCV  
  13  0:12  SCV  
  14  0:17  Supply Depot  
  14  0:24  SCV  
  15  0:38  SCV  
  15  0:39  Barracks  
  16  0:43  Refinery  
  16  0:51  SCV  
  17  1:03  SCV  
  18  1:15  SCV  
  19  1:26  Marine  
  19  1:27  Orbital Command  
  20  1:41  Command Center  
  20  1:45  Barracks Reactor  
  20  1:55  SCV  
  20  1:57  Supply Depot  
  21  2:05  Factory  
  21  2:09  SCV  
  22  2:15  Refinery  
  22  2:20  Marine x2  
  22  2:22  SCV  
  25  2:34  SCV  
  26  2:38  Reaper  
  26  2:40  Reaper  
  28  2:46  SCV  
  28  2:50  Hellion  
  32  2:58  SCV  
  32  2:59  Orbital Command  
  32  3:10  Starport, SCV  
  33  3:13  Marine x2  
  33  3:15  Widow Mine  
  36  3:23  SCV  
  36  3:30  SCV  
  36  3:34  Marine x2  
  35  3:35  SCV  
  35  3:36  Widow Mine  
  39  3:42  SCV  
  39  3:46  Supply Depot  
  39  3:47  SCV  
  41  3:50  Medivac  
  41  3:52  Marine x2  
  41  3:54  SCV  
  46  4:00  Factory Tech Lab  
  46  4:04  Barracks  
  46  4:08  SCV  
  46  4:09  SCV  
  48  4:12  Marine x2  
  48  4:16  Supply Depot  
  49  4:19  Barracks, Siege Tank  
  49  4:22  SCV  
  49  4:23  SCV  
  54  4:26  Starport Tech Lab  
  54  4:32  Bunker  
  54  4:37  Marine x2, SCV x2  
  54  4:38  Supply Depot  
  58  4:45  Raven, Refinery  
  60  4:49  SCV x2  
  63  5:01  Marine x2, SCV x2  
  65  5:09  Marine  
  65  5:14  SCV x2, Supply Depot, Engineering Bay  
  61  5:15  Factory Reactor  
  61  5:20  Refinery  
  61  5:22  Marine  
  61  5:23  Marine  
  61  5:26  SCV x2  
  65  5:29  Starport Reactor  
  65  5:30  Stimpack, Marauder  
  67  5:38  SCV x2  
  67  5:39  Combat Shield  
  67  5:40  Marauder  
  71  5:46  Terran Infantry Weapons Level 1  
  71  5:47  Marine  
  71  5:48  Marine  
  71  5:49  Supply Depot  
  73  5:50  SCV x2  
  73  5:53  Marauder  
  77  5:58  Supply Depot  
  77  6:02  SCV  
  77  6:03  Command Center  
  78  6:10  Marine x2  
  78  6:11  Marauder, Medivac x2  
  85  6:20  Widow Mine x2  
  85  6:22  Marauder  
  91  6:30  Marine x2  
  93  6:33  Supply Depot  
  93  6:39  SCV  
  94  6:40  Barracks x2  
  94  6:47  SCV  
  94  6:54  Marine x2, SCV  
  94  6:55  Marauder x2  
  94  6:59  Supply Depot  
  101  7:04  Supply Depot  
  101  7:05  SCV  
  102  7:15  Widow Mine x2, SCV, Medivac x2  
  111  7:16  Marauder, Concussive Shells  
  111  7:17  Orbital Command  
  111  7:20  SCV  
  108  7:30  Marauder  
  108  7:35  SCV x2, Barracks Reactor  
  108  7:36  Barracks Tech Lab  
  108  7:39  Widow Mine x2  
  108  7:40  Terran Infantry Armor Level 1  
  108  7:43  Marauder  
  113  7:45  SCV, Medivac x2  
  113  7:47  SCV x2  
  113  7:48  Marine x2  
  120  7:52  Marauder  
  120  7:57  SCV  
  120  7:58  Marauder  
  123  8:04  Marine  
  124  8:06  Marine  
  125  8:14  Orbital Command, Marauder, Viking  
  125  8:15  Marine x2  
  131  8:20  SCV  
  132  8:29  Armory  
  132  8:36  Barracks Reactor  
  132  8:38  Barracks Tech Lab  
  132  8:39  Marine  
  133  8:42  SCV  
  133  8:44  SCV  
  133  8:48  SCV  
  133  8:50  Marauder, Marine  
  133  8:51  Marauder  
  133  8:52  Marine  
  133  8:53  Medivac  
  129  8:57  SCV x2  
  129  9:00  SCV  
  130  9:05  Marine  
  130  9:06  Marauder  
  133  9:11  Bunker  
  133  9:16  Marine, SCV x3  
  133  9:17  Marauder x2  
  141  9:20  Supply Depot  
  141  9:34  Terran Infantry Weapons Level 2  
  141  9:35  Marine  
  141  9:36  SCV  
  141  9:37  Widow Mine  
  141  9:38  Marine x2  
  141  9:39  Marauder x2  
  141  9:41  Marine, Medivac, SCV x2  
  141  9:42  Marauder, Medivac  
  140  9:52  SCV, Ghost Academy  
  136  9:53  SCV, Marine  
  136  9:56  Marine x2  
  136  9:58  Marine  
  141  10:00  Marauder  
  141  10:04  Marauder x2, Refinery  
  141  10:05  Refinery  
  147  10:08  SCV x2  
  149  10:16  Supply Depot  
  149  10:19  Supply Depot  
  149  10:20  Medivac  
  149  10:21  Supply Depot x2  
  149  10:23  Marine  
  149  10:25  Marine, SCV  
  89  10:28  Medivac  
  147  10:29  Ghost x2  
  147  10:33  Marine  
  144  10:35  Marine  
  144  10:36  Marine  
  144  10:39  Command Center  
  141  10:45  Marine  
  141  10:48  SCV x2  
  142  10:50  Widow Mine x2  
  142  10:54  Marauder  
  144  10:58  Supply Depot, Ghost  
  144  10:59  Marine, Ghost  
  144  11:00  Marine x2  
  144  11:03  Marine  
  152  11:09  Liberator  
  155  11:13  Barracks  
  155  11:14  Barracks x2  
  155  11:15  Marine  
  155  11:17  Marine x2  
  154  11:27  SCV  
  154  11:28  SCV, Marauder  
  154  11:32  Marauder  
  155  11:33  Marine x2  
  155  11:34  Marauder  
  155  11:35  Viking  
  155  11:37  SCV  
  155  11:38  Marine x2  
  160  11:40  SCV x2  
  161  11:49  Widow Mine x2, Marine, SCV  
  161  11:51  Marine  
  161  11:52  SCV, Viking  
  161  11:53  Marauder  
  173  11:54  Terran Infantry Weapons Level 3  
  173  11:57  SCV  
  173  12:01  Marine x2  
  176  12:10  Marine, Missile Turret  
  176  12:11  Marauder  
  176  12:12  Marine  
  176  12:13  Marauder  
  176  12:14  Marine  
  182  12:17  SCV x2  
  176  12:24  Marauder  
  176  12:25  Widow Mine  
  176  12:26  Widow Mine  
  173  12:40  Marauder  
  173  12:42  Marauder  
  165  12:45  Marine  
  165  12:46  Marine x2, Marauder  
  165  12:50  Liberator x2  
  170  12:56  Marine  
  163  12:58  Marine  
  163  13:02  Marauder  
  168  13:06  Barracks Tech Lab  
  168  13:07  Planetary Fortress  
  170  13:13  SCV x3, Missile Turret  
  166  13:23  Marine x2, Marauder  
  166  13:25  SCV x2, Ghost x2  
  166  13:26  Ghost  
  175  13:27  SCV  
  175  13:29  Widow Mine x2  
  175  13:33  Viking  
  181  13:37  SCV x2  
  179  13:42  Marine x3  
  179  13:43  SCV  
  179  13:44  Marauder  
  181  13:54  Marine x2  
  181  13:55  Marauder x3  
  180  14:02  Marine x2  
  180  14:05  SCV  
  180  14:06  Marauder  
  180  14:09  Marine  
  184  14:15  Marine x2  
  184  14:16  Marauder x3  
  192  14:20  Marine x2, Command Center  
  190  14:27  Marauder  
  192  14:31  Terran Infantry Armor Level 2  
  192  14:38  Marauder x3  
  187  14:42  Marine x3  
  187  14:43  Widow Mine x2  
  194  14:46  Viking x2  
  194  14:48  Marauder  
  186  14:54  Marine  
  186  14:55  Marine  
  186  14:59  Marauder x3, Marine  
  177  15:00  Marine x2  
  177  15:04  Widow Mine  
  181  15:10  Marauder  
  181  15:12  Marine  
  181  15:13  Barracks  
  184  15:16  Medivac x2  
  184  15:20  Marauder x2  
  189  15:23  Marauder, Marine x3  
  189  15:24  Widow Mine  
  189  15:26  Widow Mine  
  189  15:27  Marine  
  195  15:29  SCV x2  
  195  15:31  Marauder  
  195  15:45  Ghost x2  
  195  15:46  Medivac  
  200  15:54  Ghost  
  199  16:09  Marauder  
  169  16:11  Viking  
  169  16:13  Marine x4  
  169  16:14  Marine x2, Marauder  
  169  16:15  Widow Mine x2  
  169  16:16  Viking  
  181  16:23  Marine  
  168  16:28  Planetary Fortress  
  168  16:30  Marine  
  168  16:31  Marauder, SCV x2, Marine x4  
  168  16:32  Marauder  
  173  16:35  Marine  
  163  16:41  Marine, Medivac  
  163  16:46  Medivac  
  165  16:47  SCV x2  
  165  16:48  Marine x2  
  165  16:51  Ghost  
  165  16:52  Marine, Ghost  
  165  16:53  Marine  
  165  16:54  Barracks Tech Lab  
  175  16:57  Barracks Tech Lab  
  175  17:13  Ghost  
  175  17:15  Ghost  
  175  17:17  Marine x5  
  175  17:18  SCV x3  
  175  17:20  Refinery x2  
  185  17:22  Refinery  
  185  17:23  SCV  
  185  17:24  Refinery  
  185  17:25  Command Center  
  185  17:28  Medivac  
  188  17:38  Marauder x2  
  189  17:51  Marauder x3  
  190  18:00  Marine, Marauder x2  
  190  18:06  Marine x2, Marauder  
  190  18:08  Widow Mine x2  
  190  18:12  Marauder  
  200  18:25  Marauder  
  198  18:28  Marine  
  198  18:29  Marauder  
  198  18:30  Marauder  
  198  18:34  Marauder x2  
  173  18:43  Medivac x2  
  173  18:44  Marauder  
  173  18:46  Marine  
  173  18:47  Marauder, Marine  
  173  18:48  Marine x2  
  183  18:50  Marauder  
  183  18:51  Marauder  
  183  18:54  Marine  
  183  18:55  Marine  
  183  19:04  Marine  
  183  19:05  Marine x4  
  183  19:08  Marauder  
  184  19:11  Marauder  
  184  19:12  Marauder, Marine  
  184  19:13  Marauder, Medivac x2  
  195  19:22  Marine, Ghost  
  195  19:23  Marine  
  196  19:26  Marine  
  196  19:27  Widow Mine  
  196  19:28  Widow Mine, Barracks  
  196  19:29  Barracks, Ghost  
  196  19:30  Missile Turret  
  200  19:33  Barracks  
Show
View Real Time Build Order
Export as new Build Order

Astrea Protoss 

Build Orders: 1 Gate Expand, Blink Stalkers 

Get SALT Encoding   

  12  0:00  Probe  
  13  0:12  Probe  
  14  0:17  Pylon  
  14  0:24  Probe (Chrono Boost)  
  16  0:36  Probe (Chrono Boost), Gateway  
  16  0:43  Probe (Chrono Boost)  
  16  0:46  Assimilator  
  17  0:51  Probe  
  18  1:03  Probe  
  19  1:15  Probe  
  20  1:23  Cybernetics Core  
  20  1:32  Nexus  
  20  1:35  Probe  
  21  1:43  Pylon  
  21  1:47  Probe  
  21  1:52  Assimilator  
  22  1:59  Probe  
  22  2:00  Adept (Chrono Boost)  
  25  2:03  Warp Gate  
  25  2:11  Probe  
  26  2:24  Probe  
  26  2:25  Twilight Council  
  27  2:32  Stalker  
  27  2:36  Probe  
  30  2:43  Gateway  
  30  2:44  Probe (Chrono Boost)  
  32  2:54  Probe (Chrono Boost)  
  32  2:56  Probe (Chrono Boost), Blink (Chrono Boost)  
  33  3:01  Probe (Chrono Boost)  
  33  3:02  Probe (Chrono Boost)  
  35  3:10  Probe  
  37  3:12  Probe  
  37  3:18  Sentry  
  39  3:25  Probe  
  39  3:26  Shield Battery  
  40  3:33  Probe  
  39  3:38  Gateway x2  
  39  3:39  Probe  
  38  3:46  Probe  
  38  3:48  Pylon  
  39  3:53  Stalker x2  
  39  3:55  Probe  
  44  3:58  Probe  
  44  4:00  Robotics Facility  
  45  4:07  Probe  
  46  4:13  Nexus  
  46  4:14  Pylon  
  46  4:16  Probe  
  47  4:22  Assimilator  
  47  4:24  Stalker  
  47  4:25  Probe  
  47  4:27  Stalker  
  52  4:32  Probe  
  52  4:36  Stalker  
  52  4:37  Pylon  
  55  4:39  Pylon  
  55  4:45  Probe  
  55  4:48  Observer  
  55  4:50  Probe  
  58  4:55  Stalker x2  
  58  4:58  Probe  
  63  5:03  Probe  
  61  5:12  Probe (Chrono Boost), Charge  
  62  5:18  Probe (Chrono Boost)  
  63  5:22  Gateway, Forge  
  63  5:24  Probe (Chrono Boost)  
  63  5:28  Probe x2 (Chrono Boost), Sentry  
  66  5:32  Probe (Chrono Boost)  
  70  5:35  Probe (Chrono Boost)  
  70  5:36  Sentry  
  70  5:38  Probe (Chrono Boost)  
  70  5:39  Gateway  
  70  5:40  Probe (Chrono Boost)  
  70  5:41  Observer  
  74  5:43  Probe  
  75  5:51  Protoss Ground Weapons Level 1 (Chrono Boost)  
  75  5:53  Probe x2  
  75  5:54  Gateway  
  75  5:55  Gateway  
  77  6:01  Observer  
  77  6:03  Gateway  
  77  6:04  Probe  
  77  6:05  Probe  
  77  6:07  Warp Prism (Chrono Boost)  
  77  6:09  Sentry  
  83  6:11  Pylon  
  83  6:16  Observer  
  80  6:26  Zealot x3  
  80  6:27  Probe x2, Observer  
  80  6:30  Probe  
  87  6:39  Probe x2  
  89  6:40  Observer  
  89  6:41  Immortal (Chrono Boost), Zealot x2  
  89  6:43  Observer  
  89  6:45  Shield Battery  
  97  6:54  Zealot x2  
  101  6:57  Pylon x2  
  101  6:58  Pylon  
  101  7:04  Pylon  
  101  7:15  Zealot x7  
  115  7:17  Zealot  
  112  7:35  Immortal (Chrono Boost)  
  106  7:44  Zealot x7, Protoss Ground Weapons Level 2 (Chrono Boost)  
  120  7:52  Probe, Templar Archives  
  120  7:53  Probe, Observer  
  120  7:59  Probe  
  120  8:05  Probe x2, Immortal (Chrono Boost)  
  118  8:10  Assimilator  
  118  8:11  Probe  
  122  8:17  Probe  
  122  8:18  Probe  
  124  8:21  Pylon  
  124  8:22  Pylon  
  124  8:23  Psionic Storm  
  124  8:25  Nexus  
  124  8:26  Pylon  
  124  8:28  Pylon  
  124  8:34  High Templar x2  
  128  8:47  High Templar, Zealot x5  
  136  8:50  Observer  
  136  8:53  Warp Prism (Chrono Boost)  
  134  8:58  Probe x3  
  134  9:00  Observer  
  129  9:07  Photon Cannon  
  127  9:10  Probe x2  
  127  9:13  Probe  
  127  9:14  High Templar  
  127  9:17  Zealot x5  
  136  9:23  Probe  
  143  9:28  Archon x4  
  143  9:30  Probe  
  134  9:40  Observer  
  134  9:43  Probe  
  134  9:45  Warp Prism (Chrono Boost)  
  117  9:46  Probe, Protoss Ground Weapons Level 3 (Chrono Boost)  
  117  9:50  Probe  
  117  9:51  Probe  
  120  9:54  Observer  
  120  9:57  Probe  
  120  9:58  Probe  
  122  10:00  Robotics Bay  
  122  10:03  Zealot x8  
  138  10:11  Nexus  
  138  10:12  Gateway  
  138  10:13  Gateway  
  136  10:15  Forge  
  136  10:25  Archon  
  134  10:28  Observer  
  134  10:35  Zealot x8  
  130  10:53  Colossus (Chrono Boost)  
  130  10:54  Probe x4  
  130  10:56  Protoss Ground Armor Level 1 (Chrono Boost)  
  139  11:01  Zealot x7  
  139  11:02  Zealot  
  145  11:05  Photon Cannon  
  145  11:06  Probe x2  
  145  11:07  Extended Thermal Lance  
  147  11:12  Probe  
  147  11:13  Probe  
  147  11:15  Photon Cannon, Shield Battery  
  147  11:17  Pylon  
  149  11:20  Robotics Facility  
  149  11:21  Assimilator  
  149  11:23  Zealot x8  
  165  11:28  Observer (Chrono Boost)  
  146  11:42  Photon Cannon  
  146  11:43  Shield Battery  
  146  11:50  Stalker x3, Sentry  
  146  11:51  Stalker x5  
  164  11:55  Observer  
  164  11:57  Nexus, Colossus (Chrono Boost)  
  170  12:07  High Templar  
  172  12:22  Pylon  
  170  12:23  Zealot x6, Colossus (Chrono Boost)  
  170  12:24  Zealot x3  
  170  12:38  Observer  
  170  12:43  Zealot x4  
  170  12:44  Zealot x6  
  166  12:55  Colossus (Chrono Boost)  
  162  13:02  Protoss Ground Armor Level 2 (Chrono Boost)  
  162  13:05  Probe  
  163  13:12  Dark Shrine, Zealot x6  
  175  13:13  Stalker x4  
  175  13:19  Photon Cannon, Shield Battery  
  176  13:20  Disruptor (Chrono Boost)  
  176  13:21  Photon Cannon  
  179  13:37  High Templar, Zealot x5  
  179  13:38  Zealot x4  
  184  13:59  Gateway  
  184  14:00  Nexus  
  176  14:03  Gateway  
  176  14:04  High Templar  
  176  14:07  Pylon  
  178  14:10  Pylon  
  176  14:24  Stargate  
  176  14:25  Zealot x5  
  176  14:26  Pylon  
  176  14:28  Shadow Stride  
  176  14:29  Zealot x2  
  176  14:30  Zealot x2  
  182  14:45  Stalker x6  
  164  14:56  Stalker x9  
  170  15:06  Probe x4, Pylon  
  170  15:07  Probe  
  175  15:09  Pylon  
  171  15:15  Probe  
  171  15:18  Probe x3  
  171  15:19  Probe  
  171  15:30  Probe x3  
  171  15:31  Pylon  
  171  15:33  Probe x3  
  171  15:35  Photon Cannon  
  174  15:36  Protoss Shields Level 1, Shield Battery  
  174  15:38  Void Ray (Chrono Boost)  
  174  15:42  Probe x3  
  181  15:47  Zealot x12  
  176  16:16  Stalker x7  
  176  16:17  Stalker x5  
  176  16:18  Probe  
  171  16:22  Colossus x2 (Chrono Boost)  
  151  16:42  Zealot x6  
  151  16:43  Zealot x6  
  167  16:49  Assimilator  
  167  16:51  Assimilator  
  167  16:52  Pylon, Protoss Ground Armor Level 3  
  167  17:01  Nexus  
  167  17:02  Pylon  
  157  17:21  Zealot  
  159  17:23  Zealot x6, Dark Templar x2  
  159  17:24  Zealot x3  
  181  17:30  Assimilator x2  
  181  17:33  Assimilator  
  181  17:34  Photon Cannon, Shield Battery  
  165  17:53  Stalker x4  
  165  17:54  Stalker x3  
  175  18:01  Disruptor (Chrono Boost)  
  176  18:09  Dark Templar  
  178  18:15  Zealot x4  
  156  18:27  Zealot x4  
  118  18:47  Dark Templar x4  
  122  18:52  Probe  
  122  18:53  Probe x3  
  118  19:08  Zealot x3  
  118  19:20  Observer (Chrono Boost)  
  101  19:47  Zealot x7  
  97  19:56  Zealot x8  
Tags
 
Add a new tag
Caveats
  • Supply blocks, unpowered buildings, or Contaminate may cause inaccurate times.
  • Supply counts are checked every 10 seconds.